 Dungeon Crawl Stone Soup version 0.23.0 (webtiles) character file.

Game seed: 3886567868557012742

7914 DrEnzyme the Zephyrmancer (level 11, -1/74 HPs)
             Began as a Centaur Air Elementalist on Feb 11, 2019.
             Was a High Priest of Okawaru.
             Succumbed to a black mamba's poison
             ... on level 1 of the Lair of Beasts.
             The game lasted 00:59:48 (17194 turns).

DrEnzyme the Zephyrmancer (CeAE)                   Turns: 17194, Time: 00:59:48

Health: -1/74      AC: 15    Str: 10    XL:     11   Next: 3%
Magic:  6/23       EV:  7    Int: 17    God:    Okawaru [*****.]
Gold:   560        SH:  0    Dex: 11    Spells: 14/27 levels left

rFire    . . .     SeeInvis +   H - +6 morningstar
rCold    . . .     Gourm    .   (no shield)
rNeg     + . .     Faith    .   G - +2 robe {rN+}
rPois    .         Spirit   .   (no helmet)
rElec    .         Reflect  .   J - +0 cloak
rCorr    .         Harm     .   k - +1 pair of gloves
MR       .....                  I - +0 centaur barding
Stlth    +.........             r - amulet of regeneration
HPRegen  0.62/turn              B - +2 ring of protection
MPRegen  0.18/turn              c - ring of see invisible

@: lethally poisoned (-1 -> -10), very slightly contaminated, drained, very
quick
A: large, hooves 3, deformed body, speed 2, tough skin 3
a: Heroism, Finesse, Renounce Religion


You were on level 1 of the Lair of Beasts.
You worshipped Okawaru.
Okawaru was extremely pleased with you.
You were not hungry.

You visited 3 branches of the dungeon, and saw 11 of its levels.
You also visited: Sewer.

You collected 623 gold pieces.
You spent 63 gold pieces at shops.

Inventory:

Hand Weapons
 w - a +1 flail of draining
 y - a +0 shortbow
 H - a +6 morningstar (weapon)
Missiles
 u - 177 arrows
 K - 5 javelins (quivered)
Armour
 a - a +1 robe
 j - a +0 buckler
 k - a +1 pair of gloves (worn)
 C - a +0 troll leather armour {Purgy}
 G - a +2 robe of positive energy (worn)
 I - a +0 centaur barding (worn)
 J - a +0 cloak (worn)
Jewellery
 c - a ring of see invisible (right hand)
 r - an amulet of regeneration (around neck)
 v - an uncursed ring of stealth
 B - a +2 ring of protection (left hand)
Wands
 g - a wand of polymorph (1)
 D - a wand of iceblast (27)
 E - a wand of random effects (12)
 N - a wand of paralysis (19)
 R - a wand of acid (3)
Scrolls
 d - a scroll of magic mapping
 h - 2 scrolls of enchant weapon
 i - a scroll of identify
 l - 3 scrolls of fog
 n - a scroll of blinking
 p - 5 scrolls of amnesia
 q - a scroll of immolation {unknown}
 s - 8 scrolls of remove curse
 A - 2 scrolls of teleportation
 P - 2 scrolls of torment {unknown}
Potions
 b - a potion of resistance
 e - 3 potions of flight
 m - 3 potions of agility
 o - 2 potions of magic
 t - 2 potions of mutation
 x - 2 potions of lignification
 F - a potion of curing {unknown}
 L - a potion of haste
 M - a potion of berserk rage {unknown}
 O - a potion of ambrosia {unknown}
Comestibles
 f - 8 rations


   Skills:
 * Level 2.0(1.4) Bows
 - Level 1.7(1.1) Dodging
 - Level 1.1(0.5) Stealth
 + Level 8.7(8.0) Spellcasting
 + Level 7.4(6.7) Conjurations
 + Level 9.6(8.8) Air Magic


You had 14 spell levels left.
You knew the following spells:

 Your Spells              Type           Power        Failure   Level  Hunger
a - Shock                 Conj/Air       ####         1%          1    None
b - Static Discharge      Conj/Air       ####....     1%          3    #......
c - Airstrike             Air            #####.....   2%          4    ###....
d - Lightning Bolt        Conj/Air       ####......   12%         5    #####..

Your spell library contained the following spells:

 Spells                   Type           Power        Failure   Level  Hunger
 Swiftness                Chrm/Air       ###.....     2%          2    None
 Stone Arrow              Conj/Erth      ###...       8%          3    #......
 Confusing Touch          Hex            #.....       11%         1    None
 Corpse Rot               Necr           N/A          16%         2    None
 Confuse                  Hex            #.......     30%         3    #......
 Gell's Gravitas          Tloc           #.........   30%         3    #......
 Leda's Liquefaction      Hex/Erth       #.........   71%         4    ###....
 Petrify                  Tmut/Erth      #.......     71%         4    ###....
 Metabolic Englaciation   Hex/Ice        #.........   96%         5    #####..
 Summon Forest            Summ/Tloc      #.........   96%         5    #####..
 Yara's Violent Unravell  Hex/Tmut       #.........   96%         5    #####..
 Hydra Form               Tmut           #.........   100%        6    ######.
 Summon Hydra             Summ           #.........   100%        7    #######


Dungeon Overview and Level Annotations

Branches:
Dungeon (9/15)             Temple (1/1) D:6            Lair (1/6) D:8
    Orc: D:9-12

Altars:
Ashenzari
Cheibriados
Dithmenos
Elyvilon
Fedhas
Gozag
Hepliaklqana
Kikubaaqudgha
Makhleb
Nemelex Xobeh
Okawaru
Qazlal
Ru
Sif Muna
Trog
Uskayaw
Vehumet
Wu Jian
Xom
Yredelemnul
Zin
The Shining One

Shops:
D:7 [

Annotations:
D:2 exclusion: downstairs
D:4 exclusion: 2 downstairs
D:5 exclusion: downstairs, Menkaure
D:6 exclusion: downstairs
D:7 exclusion: ogre, Joseph
D:8 1 runed translucent door, exclusion: upstairs, Caerwyn's ghost, novice DsFE


Innate Abilities, Weirdness & Mutations

You have hooves in place of feet.
Armour fits poorly on your strangely shaped body.
You cover ground very quickly.
You have extremely tough skin. (AC +3)


Message History

The bolt of acid misses the black mamba.
The black mamba completely misses you.
The black mamba bites you but does no damage.
Evoke which item? (* to show all) (? for menu, Esc to quit)
Aiming: Corrosive Bolt
Press: ? - help, Shift-Dir - straight line, f/p - black mamba
Aim: a black mamba (almost dead, covered in acid)
The bolt of acid misses the black mamba.
The black mamba bites you.
* * * LOW HITPOINT WARNING * * *
The black mamba bites you.
* * * LOW HITPOINT WARNING * * *
You are lethally poisoned!
The black mamba poisons you!
The yak gores something!
Okay, then.
Unknown command.
Blink to where?
Press: ? - help, Dir - move target cursor, p - black mamba
As you read the scroll of blinking, it crumbles to dust.
You die...

.....# ### .#####
.....##
#ยง#####+P#..
......# ##SY.....#.#
...<.#####Y....=.#.#
.......##P.........#
.....#.##........#.#
.....# .##.......#.#
.....# .#.......+.#
.....# #......@###
.....# #.......#
.>...# +.......#
.....# #........#
##+### ##########


You could see a black mamba and 2 yaks.

Vanquished Creatures
  3 two-headed ogres (D:8)
  A manticore (D:9)
  A kobold demonologist (D:9)
  2 hornets
  Grinder (D:5)
  Prince Ribbit (D:7)
  A wyvern (D:8)
  A spriggan (D:4)
  A yak (Lair:1)
  A sky beast (D:6)
  Purgy (Sewer)
  2 orc warriors
  4 ice beasts
  A necrophage (D:9)
  3 phantoms
  5 ogres
  4 centaurs
  2 crocodiles
  6 big kobolds
  2 bullfrogs
  A water moccasin zombie (D:5)
  A scorpion (D:7)
  4 wights (D:6)
  3 howler monkeys
  4 crimson imps
  2 hounds
  7 orc priests
  9 orc wizards
  5 worker ants
  2 killer bee zombies
  2 hound zombies
  A hound skeleton (D:8)
  A howler monkey zombie (D:8)
  3 worker ant zombies
  8 adders
  A river rat (D:5)
  3 shadow imps
  An ooze (D:7)
  4 worms
  2 dart slugs
  2 leopard geckos
  36 orcs
  A ball python (D:5)
  5 bats
  6 giant cockroaches
  4 goblins
  13 hobgoblins
  16 jackals
  46 kobolds
  2 quokkas
  6 frilled lizards
  8 kobold skeletons (D:9)
  10 kobold zombies (D:9)
  A leopard gecko zombie (D:7)
  2 quokka skeletons
  5 rats
270 creatures vanquished.

Vanquished Creatures (others)
  2 slaves (D:6)
  A sky beast (D:6)
  An ogre (D:6)
  A bullfrog zombie (D:6)
  A hound zombie (D:6)
  An orc (D:6)
  2 jackals (D:6)
  A fungus (Lair:1)
10 creatures vanquished.

Grand Total: 280 creatures vanquished

Notes
Turn   | Place    | Note
-------+----------+-------------------------------------------
     0 | D:1      | DrEnzyme the Centaur Air Elementalist began the quest for
                  | the Orb.
     0 | D:1      | Reached XP level 1. HP: 14/14 MP: 3/3
   189 | D:1      | You fall through a shaft!
   543 | D:1      | Reached XP level 2. HP: 20/20 MP: 0/4
   834 | D:1      | Reached skill level 3 in Air Magic
  1037 | D:1      | Reached skill level 1 in Conjurations
  1964 | D:2      | Reached XP level 3. HP: 24/26 MP: 1/6
  2599 | D:2      | Found a bloodstained altar of Trog.
  2636 | D:2      | Reached XP level 4. HP: 33/33 MP: 3/7
  3897 | D:3      | Found a burning altar of Makhleb.
  4231 | D:3      | Found a deep blue altar of Sif Muna.
  4409 | D:3      | Learned a level 3 spell: Static Discharge
  4415 | D:3      | Learned a level 4 spell: Airstrike
  4582 | D:3      | Noticed a big kobold
  4765 | D:3      | Killed a big kobold
  4765 | D:3      | Reached XP level 5. HP: 22/38 MP: 0/9
  4971 | D:3      | Found a shadowy altar of Dithmenos.
  5364 | D:4      | Reached skill level 4 in Air Magic
  5608 | D:4      | Noticed a +0 dagger
  5608 | D:4      | Noticed a +0 dagger
  5609 | D:4      | Noticed an ogre
  5651 | D:4      | Killed an ogre
  5651 | D:4      | Reached XP level 6. HP: 45/45 MP: 2/10
  6051 | D:4      | Found a hide-covered altar of Uskayaw.
  6485 | D:4      | Found a stormy altar of Qazlal.
  6542 | D:4      | Found an ancient bone altar of Kikubaaqudgha.
  6542 | D:4      | Found an ornate altar of the Wu Jian Council.
  6573 | D:5      | Entered Level 5 of the Dungeon
  6627 | D:5      | Noticed Grinder
  6648 | D:5      | Killed Grinder
  6648 | D:5      | Reached XP level 7. HP: 50/50 MP: 0/12
  6951 | D:5      | Reached skill level 5 in Air Magic
  7126 | D:5      | Found a glowing drain.
  7209 | Sewer    | Entered a sewer
  7261 | Sewer    | Noticed Purgy
  7268 | Sewer    | Killed Purgy
  7432 | D:5      | Found a hazy altar of Hepliaklqana.
  7790 | D:5      | Noticed Menkaure
  8156 | D:6      | Reached XP level 8. HP: 44/57 MP: 6/15
  8379 | D:6      | Found a snail-covered altar of Cheibriados.
  8379 | D:6      | Found a shimmering altar of Xom.
  8618 | D:6      | Noticed Eustachio
  8622 | D:6      | Noticed Eustachio
  8622 | D:6      | Eustachio changed into Eustachio the ogre
  8639 | D:6      | Killed Eustachio the ogre
  8950 | D:6      | Noticed Pikel
  8952 | D:6      | Noticed Pikel
  8952 | D:6      | Pikel changed into Pikel the spriggan
  9011 | D:6      | Reached skill level 5 in Spellcasting
  9095 | D:4      | Killed Pikel the spriggan
  9095 | D:4      | Reached skill level 6 in Air Magic
  9457 | D:6      | Found a staircase to the Ecumenical Temple.
  9465 | Temple   | Entered the Ecumenical Temple
  9558 | Temple   | Became a worshipper of Warmaster Okawaru
  9663 | D:6      | Reached skill level 5 in Conjurations
 10810 | D:6      | Reached * piety under Okawaru
 10810 | D:6      | Reached XP level 9. HP: 49/62 MP: 1/17
 11423 | D:7      | Reached skill level 7 in Air Magic
 11700 | D:7      | Found Hajijad's Armour Shop.
 11703 | D:7      | Bought a +0 cloak for 63 gold pieces
 11844 | D:7      | Noticed Prince Ribbit
 11850 | D:7      | Killed Prince Ribbit
 11861 | D:7      | You fall through a shaft!
 11956 | D:8      | Noticed a two-headed ogre
 12005 | D:8      | Killed a two-headed ogre
 12005 | D:8      | Reached ** piety under Okawaru
 12099 | D:7      | Found a sacrificial altar of Ru.
 12099 | D:7      | Noticed Joseph
 12121 | D:8      | Found a staircase to the Lair.
 12323 | D:8      | Reached *** piety under Okawaru
 12323 | D:8      | Reached skill level 8 in Air Magic
 12431 | D:8      | Found a glowing golden altar of the Shining One.
 12469 | D:8      | Noticed a two-headed ogre
 12623 | D:8      | Killed a two-headed ogre
 12623 | D:8      | Reached XP level 10. HP: 67/69 MP: 7/21
 12837 | D:8      | Found a runed translucent door.
 12842 | D:8      | Noticed Caerwyn's ghost (novice DsFE)
 12933 | D:8      | Reached **** piety under Okawaru
 13482 | D:8      | Noticed a two-headed ogre
 13573 | D:8      | Killed a two-headed ogre
 14344 | D:7      | Found a blossoming altar of Fedhas.
 14393 | D:7      | Reached skill level 9 in Air Magic
 14444 | D:7      | Learned a level 5 spell: Lightning Bolt
 14465 | D:7      | Reached ***** piety under Okawaru
 15037 | D:9      | Noticed a manticore
 15043 | D:9      | Killed a manticore
 15938 | D:9      | Reached skill level 1 in Bows
 16614 | D:9      | Found an ancient bone altar of Kikubaaqudgha.
 16782 | D:9      | Reached XP level 11. HP: 74/74 MP: 3/23
 17026 | Lair:1   | Entered Level 1 of the Lair of Beasts
 17193 | Lair:1   | HP: 1/74 [black mamba (4)]
 17194 | Lair:1   | Succumbed to a black mamba's poison

Skill      XL: |  1  2  3  4  5  6  7  8  9 10 11 |
---------------+----------------------------------+-----
Air Magic      | 3 4 5 6 8 9 |  9.6
Conjurations   | 1 2 3 4 5 6 7 |  7.4
Spellcasting   | 2 3 4 5 7 8 |  8.7
Bows           | 1 2 |  2.0
Dodging        | |  1.7
Stealth        | |  1.1

Action                   |  1- 3 |  4- 6 |  7- 9 | 10-12 || total
-------------------------+-------+-------+-------+-------++-------
Melee: Unarmed           |     9 |     8 |       |       ||    17
       Kick              |     2 |       |     3 |    13 ||    18
       Short sword       |     1 |       |       |       ||     1
       Flail             |       |     4 |    25 |       ||    29
       Morningstar       |       |       |    25 |   104 ||   129
 Cast: Shock             |    90 |   186 |   339 |   163 ||   778
       Static Discharge  |       |     3 |     4 |       ||     7
       Airstrike         |       |       |    21 |    48 ||    69
       Lightning Bolt    |       |       |       |     8 ||     8
Evoke: Wand              |       |       |     3 |     6 ||     9
  Use: Scroll            |     7 |     5 |       |    13 ||    25
       Potion            |       |       |       |     2 ||     2
  Eat: Chunk             |     4 |    10 |    10 |     4 ||    28
       Ration            |     1 |     1 |     2 |     5 ||     9
Armor: Robe              |    26 |     9 |    54 |   123 ||   212
       Troll leather arm |       |       |    11 |       ||    11
Dodge: Dodged            |    30 |    28 |   100 |    88 ||   246
